 Dungeon Crawl Stone Soup version 0.28.0 (webtiles) character file.

Game seed: 7756553743767300077

186 GrayStillPlays the Chiller (level 5, -2/26 HPs)
             Began as a Vine Stalker Ice Elementalist on Feb 8, 2022.
             Succumbed to an adder's poison
             ... in a sewer.
             The game lasted 00:07:16 (2987 turns).

GrayStillPlays the Chiller (VSIE)                   Turns: 2987, Time: 00:07:17

Health: -2/26      AC: 11    Str: 11    XL:     5   Next: 66%
Magic:  2/11       EV:  2    Int: 17    God:
Gold:   111        SH:  0    Dex: 14    Spells: 9/10 levels left

rFire   . . .      SeeInvis .   i - +1 dagger (venom) {short}
rCold   . . .      Faith    .   (no shield)
rNeg    . . .      Spirit   +   g - +0 plate armour
rPois   .          Reflect  .   (no helmet)
rElec   .          Harm     .   m - +0 cloak
rCorr   .          Rampage  .   (no gloves)
Will    .....                   (no boots)
Stlth   ..........              (no amulet)
HPRegen 0.88/turn               r - ring of flight
MPRegen 0.12/turn               (no ring)

@: lethally poisoned (-2 -> -7), flying
A: fangs 2, regeneration 1, magic shield, antimagic bite, no potion heal 2
a: no special abilities


You were in a sewer.
You visited 1 branch of the dungeon, and saw 3 of its levels.
You also visited: Sewer.

You collected 111 gold pieces.


Innate Abilities, Weirdness & Mutations

You have extremely sharp teeth.
Your natural rate of healing is unusually fast.
When hurt, damage is shared between your health and your magic reserves.
Your bite disrupts and absorbs the magic of your enemies.
Potions cannot restore your health.


   Skills:
 + Level 2.1 Fighting
 + Level 2.6 Dodging
 - Level 2.4 Stealth
 + Level 3.4 Spellcasting
 + Level 4.8 Ice Magic


You had 9 spell levels left.
You knew the following spells:

 Your Spells              Type           Power      Damage    Failure   Level
a - Freeze                Ice            76%        1d9       100%        1

Your spell library contained the following spells:

 Spells                   Type           Power      Damage    Failure   Level
 Frozen Ramparts          Ice            38%        1d5       100%        3
 Ozocubu's Armour         Ice            19%        N/A       100%        3
 Hailstorm                Conj/Ice       11%        3d5       100%        4

Inventory:

Hand Weapons
 c - a +0 dagger {short}
   (You took it off a goblin on level 1 of the Dungeon)
 d - a +2 dagger of freezing {short}
   (You found it on level 1 of the Dungeon)
 i - a +1 dagger of venom (weapon) {short}
   (You took it off an orc on level 2 of the Dungeon)
 q - a +4 dagger {short}
   (You took it off a kobold on level 2 of the Dungeon)
Missiles
 f - 33 stones {throwing}
 k - 6 javelins {throwing}
 l - 13 bolts
 n - 8 poisoned darts {throwing}
 o - 28 arrows
 s - 23 sling bullets
Armour
 a - a +0 robe
 g - a +0 plate armour (worn)
   (You found it on level 1 of the Dungeon)
 m - a +0 cloak (worn)
   (You found it on level 2 of the Dungeon)
Jewellery
 r - a ring of flight (left hand)
   (You took it off a goblin on level 2 of the Dungeon)
Scrolls
 b - a scroll of blinking {unknown}
 e - a scroll of summoning {unknown}
 h - a scroll of immolation {unknown}
 j - a scroll of identify {unknown}
Potions
 t - 4 potions of flight

Dungeon Overview and Level Annotations

Branches:
Dungeon (3/15)              Sewer (1/1)

Altars:
#≈≈.# #≈≈≈# #≈≈≈# #≈≈≈# #≈≈.# #≈≈.# #≈≈≈# #≈≈≈# #≈≈≈# #≈≈≈# #≈≈.# #.≈≈# #≈≈≈# #≈≈≈# #≈≈≈# #≈≈≈# #≈≈≈# #.≈≈# #≈≈≈# #≈≈.# +..+ #≈≈≈# #≈≈≈# #SSS#

#..# #≈≈≈#
#≈≈≈# #b@S#
#..# #≈≈≈#
#≈≈.# #.≈≈#
#..# #≈≈≈#
#≈≈≈# #≈≈≈#
#..####≈≈≈#
#≈≈.# #.≈.#
#..#.##≈≈≈#
#≈≈≈# #≈≈≈#
+..'.##≈≈≈#
#≈≈.# #≈≈.#
+..'.##≈≈.#
#≈≈≈# #≈≈≈#
#..#.##.≈≈#
#≈≈≈# #.≈≈#
#≈.# ##≈≈.#
#≈≈≈# #≈≈≈#
#≈≈# #≈≈≈#


You could see 4 adders and a bat (very poisoned).


Message History

The bat hits you but does no damage. The adder bites you but does no damage.
The bat hits you but does no damage.
The adder bites you but does no damage. x2 😮 HP[+1]
The bat hits you but does no damage. The adder bites you.
You are poisoned.
The adder poisons you!
The adder completely misses you. 😮 HP[+1] MP[-1]
You lost 1 mp, and now have 9/11 mp.
You feel sick. The bat hits you but does no damage.
The adder bites you but does no damage. The adder bites you.
* * * LOW HITPOINT WARNING * * *
😨 HP[-3]
You take 3 damage, and now have 12/26 hp.
You feel sick.
You feel sick. The bat hits you.
* * * LOW HITPOINT WARNING * * *
The adder completely misses you. 😨 HP[-1]
You take 1 damage, and now have 11/26 hp.
You feel sick. The bat hits you but does no damage.
You feel sick.
You are no longer poisoned.
The bat hits you but does no damage.
The adder bites you but does no damage. x2
The bat hits you but does no damage. 😨 MP[+1]
The adder bites you but does no damage. 😨 HP[+1]
The bat hits you but does no damage. The adder bites you but does no damage.
The adder bites you.
* * * LOW HITPOINT WARNING * * *
You are poisoned.
The adder poisons you! 😨 MP[-1]
You lost 1 mp, and now have 9/11 mp.
A frilled lizard comes into view.
You feel sick.
The frilled lizard hisses angrily.
The adder bites you.
* * * LOW HITPOINT WARNING * * *
The adder bites you.
* * * LOW HITPOINT WARNING * * *
😨 HP[-3] MP[-2]
You take 3 damage, and now have 9/26 hp.
You lost 2 mp, and now have 7/11 mp.
You feel sick.
The bat hits you but does no damage. x2 😨 HP[-1]
You take 1 damage, and now have 8/26 hp.
You feel sick. The adder bites you.
* * * LOW HITPOINT WARNING * * *
The bat hits you but does no damage. The adder bites you.
* * * LOW HITPOINT WARNING * * *
The adder bites you but does no damage. 😱 HP[-4] MP[-1]
You take 4 damage, and now have 4/26 hp.
You lost 1 mp, and now have 6/11 mp.
You feel sick. The bat hits you but does no damage. x2
The adder bites you but does no damage.
The frilled lizard bites you but does no damage.
You hit the frilled lizard.
You feel sick.
You are no longer poisoned.
The bat hits you but does no damage. The adder bites you.
You are poisoned.
The adder poisons you!
The adder bites you but does no damage. x2
The frilled lizard bites you but does no damage. 😱 MP[-1]
You lost 1 mp, and now have 5/11 mp.
You hit the frilled lizard.
You kill the frilled lizard!
You feel sick. The bat hits you but does no damage.
The adder bites you but does no damage. The adder barely misses you.
The adder bites you but does no damage. x2 😱 HP[-1] MP[+1]
You take 1 damage, and now have 3/26 hp.
You feel sick. The bat hits you but does no damage.
The adder bites you but does no damage. x2
You feel sick. The bat hits you but does no damage.
The adder barely misses you.
You feel sick. The bat hits you but does no damage. x2
The adder bites you but does no damage. The adder bites you.
* * * LOW HITPOINT WARNING * * *
You are lethally poisoned!
The adder poisons you! 😱 HP[-1] MP[-1]
You take 1 damage, and now have 2/26 hp.
You lost 1 mp, and now have 5/11 mp.
Your system rejects the healing.
You feel better. The bat hits you but does no damage. The adder bites you.
* * * LOW HITPOINT WARNING * * *
You are lethally poisoned!
The adder poisons you! The adder bites you but does no damage.
The adder bites you.
* * * LOW HITPOINT WARNING * * *
You are more poisoned.
The adder poisons you!
The adder bites you but does no damage. 😱 HP[-1] MP[-4]
You take 1 damage, and now have 1/26 hp.
You lost 4 mp, and now have 1/11 mp.
You hit the bat but do no damage.
The bat is poisoned.
You bite the bat. You drain its power.
You feel invigorated.
You die...

Skill      XL: |  1  2  3  4  5 |
---------------+----------------+-----
Fighting       | 1 2 |  2.1
Dodging        | 2 |  2.6
Spellcasting   | 3 |  3.4
Stealth        | |  2.4
Ice Magic      | |  4.8

Action                   |  1- 3 |  4- 6 || total
-------------------------+-------+-------++-------
Melee: Dagger            |    76 |   148 ||   224
       Bite              |    19 |    42 ||    61
       Punch             |       |     4 ||     4
 Cast: Freeze            |    10 |       ||    10
  Use: Potion            |     2 |     1 ||     3
Armor: Robe              |     5 |       ||     5
       Plate armour      |    49 |   264 ||   313
Dodge: Dodged            |    11 |    34 ||    45

Levels and vault maps discovered:
D:1:      lemuel_arrival_muddy, layout_loops_ring
D:2:      layout_loops_ring, minmay_puff
D:3:      layout_loops_ring, gup_sewer_entry_bowl
Sewer:    sewer_fruit_machine

Notes
Turn   | Place    | Note
-------+----------+-------------------------------------------
     0 | D:1      | GrayStillPlays the Vine Stalker Ice Elementalist began the
                  | quest for the Orb.
     0 | D:1      | Reached XP level 1. HP: 9/9 MP: 4/4
     0 | D:1      | magus.rc [v1.9.6]
   204 | D:1      | Reached XP level 2. HP: 12/14 MP: 0/6
  1016 | D:2      | Reached skill level 1 in Fighting
  1016 | D:2      | Reached XP level 3. HP: 12/18 MP: 5/7
  1234 | D:2      | Reached skill level 2 in Dodging
  1463 | D:2      | HP: 4/18 [poisoned by an adder]
  2049 | D:2      | Gained mutation: Your natural rate of healing is unusually
                  | fast. [Vine Stalker growth]
  2049 | D:2      | Reached XP level 4. HP: 17/22 MP: 9/9
  2111 | D:2      | Reached skill level 3 in Spellcasting
  2497 | D:3      | Reached XP level 5. HP: 26/26 MP: 10/10
  2611 | D:3      | Found a glowing drain.
  2615 | Sewer    | Entered a sewer
  2669 | Sewer    | Reached skill level 2 in Fighting
  2979 | Sewer    | HP: 5/26 [adder (3)]
  2984 | Sewer    | HP: 3/26 [poisoned by an adder]
  2986 | Sewer    | HP: 1/26 [adder (1)]
  2987 | Sewer    | Succumbed to an adder's poison

Vanquished Creatures
  7 adders
  3 river rats (Sewer)
  2 worms
  3 dart slugs
  2 orcs
  5 ball pythons
  6 endoplasms
  8 giant cockroaches
  5 goblins
  4 hobgoblins
  4 jackals
  5 kobolds
  7 quokkas
  9 bats
  4 frilled lizards
  3 rats
77 creatures vanquished.

Table legend:
 A = Non-vault XP
 B = Vault XP
 C = Vault XP percentage of total XP
 D = Non-vault monster count
 E = Vault monster count
 F = Vault count percentage of total count
                 A         B        C        D         E       F
            +---------+---------+-------+---------+---------+-------
      Total |     156 |     111 |  41.6 |      47 |      30 |  39.0
            +---------+---------+-------+---------+---------+-------
        D:1 |      33 |       0 |   0.0 |      18 |       0 |   0.0
        D:2 |      82 |      31 |  27.4 |      22 |       5 |  18.5
        D:3 |      41 |       4 |   8.9 |       7 |       2 |  22.2
      Sewer |       0 |      76 | 100.0 |       0 |      23 | 100.0
            +---------+---------+-------+---------+---------+-------

Illustrated notes

Table legend:
 A = Kills in this place as a percentage of kills in entire the game.
 B = Kills by you in this place as a percentage of kills by you in the entire game.
 C = Kills by friends in this place as a percentage of kills by friends in the entire game.
 D = Other kills in this place as a percentage of other kills in the entire game.
 E = Experience gained in this place as a percentage of experience gained in the entire game.
 F = Experience gained in this place divided by the number of levels of this place that you have seen.
                   A       B       C       D       E      F
               +-------+-------+-------+-------+-------+----------------------
         Total | 100.0 | 100.0 |   N/A |   N/A | 100.0 |  66.8
       Dungeon |  70.1 |  70.1 |   N/A |   N/A |  71.5 |  63.7
         Sewer |  29.9 |  29.9 |   N/A |   N/A |  28.5 |  76.0
               +-------+-------+-------+-------+-------+----------------------

Table legend: (Time is in decaauts)
 A = Elapsed time spent in this place.
 B = Non-inter-level travel time spent in this place.
 C = Inter-level travel time spent in this place.
 D = Time resting spent in this place.
 E = Time spent auto-exploring this place.
 F = Levels seen in this place.
 G = Mean time per level.
                   A        B        C        D        E       F      G
               +--------+--------+--------+--------+--------+-----+--------+
         Total |   2986 |   2897 |     89 |      0 |   2003 |   4 |  746.5 |
       Dungeon |   2614 |   2525 |     89 |      0 |   1895 |   3 |  871.3 |
         Sewer |    371 |    371 |      0 |      0 |    108 |   1 |  371.0 |
               +--------+--------+--------+--------+--------+-----+--------+

Top non-repeatable levels by time:
     D:2: 1374 daAuts
     D:1: 1002 daAuts
   Sewer: 371 daAuts
     D:3: 236 daAuts
